 Dungeon Crawl Stone Soup version 0.31-a0-177-g4aa6249778 (webtiles) character file.

Game seed: 4144987021910063352

295 qw the Shooter (level 6, -5/43 (56) HPs)
             Began as a Naga Hunter on June 18, 2023.
             Was an Initiate of Okawaru.
             Slain by a wight
             ... wielding a +1 falchion
              (7 damage)
             ... on level 4 of the Dungeon.
             The game lasted 00:01:07 (2676 turns).

qw the Shooter (Naga Hunter)                        Turns: 2676, Time: 00:01:07

HP:   -5/43 (56)    AC: 13    Str: 14    XL:     6   Next: 34%
MP:   6/6           EV:  7    Int: 11    God:    Okawaru [......]
Gold: 129           SH:  0    Dex: 16    Spells: 5/5 levels left

rFire   . . .        Y - +0 shortbow (freeze)
rCold   x . .        (shield currently unavailable)
rNeg    . . .        c - +0 leather armour
rPois   +            (no helmet)
rElec   .            m - +0 cloak
rCorr   .            f - +1 pair of gloves
SInv    +            a - +2 barding "Humoypuim" {rPois rC- Int+2}
Will    .....        (no amulet)
Stlth   ++           (no ring)
HPRegen 0.27/turn    (no ring)
MPRegen 0.10/turn

%: no passive effects
@: heavily drained, very slow
A: AC +2, large, see invisible, deformed body, poison resistance, slowness 2,
spit poison 1, naga tail 1
a: Spit Poison, Renounce Religion


You were on level 4 of the Dungeon.
You worshipped Okawaru.
Okawaru was noncommittal.
You visited 1 branch of the dungeon, and saw 4 of its levels.

You collected 129 gold pieces.


Innate Abilities, Weirdness & Mutations

Your serpentine skin is tough. (AC +2)
You have supernaturally acute eyesight. (SInv)
Armour fits poorly on your strangely shaped body.
Your system is resistant to poisons. (rPois)
You cover ground very slowly.
You can spit poison.
You have a snake-like lower body.


   Skills:
 - Level 3.2 Fighting
 + Level 5.9 Ranged Weapons
 - Level 1.5 Armour
 - Level 1.5 Dodging
 - Level 1.5 Stealth


You had 5 spell levels left.
You didn't know any spells.
Your spell library was empty.

Inventory:

Hand Weapons
 Y - a +0 shortbow of freezing (weapon)
Armour
 a - the +2 barding "Humoypuim" (worn) {rPois rC- Int+2}
   (You acquired it on level 1 of the Dungeon)

   Int:       It affects your intelligence (+2).
   rC:        It makes you vulnerable to cold.
   rPois:     It protects you from poison.
 c - a +0 leather armour (worn)
 f - a +1 pair of gloves (worn)
 m - a +0 cloak (worn)
Scrolls
 e - 2 scrolls of identify
Potions
 b - a potion of magic
 d - a potion of curing
 g - a potion of might
 h - a potion of haste

Dungeon Overview and Level Annotations

Branches:
Dungeon (4/15)
 Temple: D:4-7

Altars:
Okawaru


Message History

The wight is moderately damaged.
The wight hits you from afar with a +3 halberd.
You feel drained. The wight hits you but does no damage.
You shoot an arrow. The arrow hits the wight.
The wight is moderately damaged.
The wight hits you but does no damage. x2
You shoot an arrow. The arrow hits the wight.
The wight is heavily damaged.
The wight barely misses you. x2
You shoot an arrow. The arrow barely misses the wight.
The arrow hits the wight but does no damage.
The wight is moderately damaged.
The wight hits you from afar with a +3 halberd.
The wight hits you but does no damage.
You shoot an arrow. The arrow hits the wight.
The wight is severely damaged.
The wight hits you from afar with a +3 halberd.
The wight hits you with a +1 falchion.
You shoot an arrow. The arrow hits the wight.
The wight is almost destroyed.
The wight hits you with a +1 falchion!
You feel drained. The wight barely misses you.
You shoot an arrow.
The arrow hits the wight but does no damage.
The wight is almost destroyed.
The wight hits you but does no damage.
The wight hits you from afar with a +3 halberd.
You feel drained.
You shoot an arrow. The arrow closely misses the wight.
The arrow hits the wight.
The wight is moderately damaged.
The wight hits you with a +1 falchion.
You feel drained. The wight barely misses you.
The wight hits you but does no damage. The wight barely misses you.
You shoot an arrow. The arrow completely misses the wight.
The arrow hits the wight but does no damage.
The wight is moderately damaged.
The wight hits you from afar with a +3 halberd.
You feel drained. The wight hits you with a +1 falchion!
You die...

#.......# #.# #.......#
#.# . #...(...# #.# ..
#.......# #.# ...
#.......####.# ....
#.......#....# .....
#.......#.####
.....z####.......#.####
...?.zz@.........#....#
.....z###........####%#
##### #........####.#
#.............#
#.############# #.# ###


You could see 4 wights.

Vanquished Creatures
  A hound (D:4)
  Natasha (thrice) (D:2)
  Terence (D:2)
  An orc wizard (D:3)
  5 adders
  2 worms (D:2)
  2 dart slugs
  3 orcs (D:3)
  2 ball pythons (D:1)
  7 endoplasms
  A giant cockroach (D:2)
  8 goblins
  10 hobgoblins
  7 jackals
  3 quokkas
  9 bats
  8 frilled lizards
  6 kobolds
  7 rats
86 creatures vanquished.

Notes
Turn   | Place    | Note
-------+----------+-------------------------------------------
     0 | D:1      | qw the Naga Hunter began the quest for the Orb.
     0 | D:1      | Reached XP level 1. HP: 19/19 MP: 1/1
     0 | D:1      | 0 ||| qw: Version: 0.3-a-7-ge0c9b40
     0 | D:1      | 0 ||| qw: Game counter: 762
     0 | D:1      | 0 ||| qw: Always use a shield: true
     0 | D:1      | 0 ||| qw: God list: Okawaru
     0 | D:1      | 0 ||| qw: Allow faded altars: false
     0 | D:1      | 0 ||| qw: Do Orc after D:15 true
     0 | D:1      | 0 ||| qw: Do second Lair branch before Depths: true
     0 | D:1      | 0 ||| qw: Lair rune preference: random
     0 | D:1      | 0 ||| qw: Plans: Normal
     0 | D:1      | 0 ||| PLANNING D:1-11
    17 | D:1      | 17 ||| INVOKING Spit Poison.
    94 | D:1      | 94 ||| FLEEEEING.
   101 | D:1      | 101 ||| FLEEEEING.
   102 | D:1      | 102 ||| FLEEEEING.
   104 | D:1      | 104 ||| INVOKING Spit Poison.
   114 | D:1      | 114 ||| INVOKING Spit Poison.
   115 | D:1      | Reached skill level 4 in Ranged Weapons
   115 | D:1      | Reached XP level 2. HP: 26/26 MP: 2/2
   163 | D:1      | 163 ||| INVOKING Spit Poison.
   319 | D:1      | 319 ||| INVOKING Spit Poison.
   361 | D:1      | 361 ||| INVOKING Spit Poison.
   367 | D:1      | 367 ||| INVOKING Spit Poison.
   370 | D:1      | 370 ||| INVOKING Spit Poison.
   588 | D:1      | 588 ||| INVOKING Spit Poison.
   620 | D:1      | 620 ||| UPGRADING to +1 pair of gloves.
   625 | D:1      | 625 ||| READING scroll labelled XIAMEY JEHOROXT.
   625 | D:1      | Identified a scroll of acquirement
   625 | D:1      | 625 ||| ACQUIRING +2 barding "Humoypuim" {rPois rC- Int+2}
   625 | D:1      | Acquired the +2 barding "Humoypuim" {rPois rC- Int+2}
   627 | D:1      | 627 ||| UPGRADING to +2 barding "Humoypuim" {rPois rC-
                  | Int+2}.
   632 | D:1      | 632 ||| READING 2 scrolls labelled FONLY TUNLEAVYIC.
   633 | D:1      | 633 ||| READING scroll labelled ZOAFAZ CUX CAL.
   634 | D:1      | 634 ||| DROPPING scroll of butterflies.
   670 | D:2      | 670 ||| INVOKING Spit Poison.
   672 | D:2      | Reached XP level 3. HP: 32/32 MP: 3/3
   681 | D:2      | Noticed Natasha
   682 | D:2      | 682 ||| INVOKING Spit Poison.
   686 | D:2      | 686 ||| INVOKING Spit Poison.
   687 | D:2      | Killed Natasha
   688 | D:2      | Reached skill level 1 in Armour
   690 | D:2      | 690 ||| INVOKING Spit Poison.
   692 | D:2      | 692 ||| INVOKING Spit Poison.
   864 | D:2      | 864 ||| INVOKING Spit Poison.
   903 | D:2      | Found an iron altar of Okawaru.
   904 | D:2      | 904 ||| PLANNING OKAWARU WORSHIP
   904 | D:2      | 904 ||| DROPPING scarf of shadows.
   912 | D:2      | Became a worshipper of Warmaster Okawaru
   913 | D:2      | 913 ||| PLANNING D:1-11
   962 | D:2      | 962 ||| INVOKING Spit Poison.
   967 | D:2      | 967 ||| INVOKING Spit Poison.
   969 | D:2      | Reached XP level 4. HP: 39/39 MP: 4/4
   974 | D:2      | 974 ||| INVOKING Spit Poison.
  1017 | D:2      | 1017 ||| INVOKING Spit Poison.
  1022 | D:2      | 1022 ||| INVOKING Spit Poison.
  1144 | D:2      | 1144 ||| INVOKING Spit Poison.
  1149 | D:2      | 1149 ||| INVOKING Spit Poison.
  1153 | D:2      | 1153 ||| INVOKING Spit Poison.
  1181 | D:2      | 1181 ||| INVOKING Spit Poison.
  1248 | D:2      | 1248 ||| INVOKING Spit Poison.
  1252 | D:2      | Noticed Natasha
  1254 | D:2      | 1254 ||| INVOKING Spit Poison.
  1257 | D:2      | 1257 ||| INVOKING Spit Poison.
  1263 | D:2      | 1263 ||| INVOKING Spit Poison.
  1263 | D:2      | Killed Natasha
  1264 | D:2      | Reached skill level 5 in Ranged Weapons
  1264 | D:2      | Reached XP level 5. HP: 31/45 MP: 5/5
  1410 | D:2      | 1410 ||| INVOKING Spit Poison.
  1417 | D:2      | 1417 ||| INVOKING Spit Poison.
  1459 | D:2      | 1459 ||| INVOKING Spit Poison.
  1466 | D:2      | 1466 ||| INVOKING Spit Poison.
  1469 | D:2      | 1469 ||| INVOKING Spit Poison.
  1511 | D:2      | 1511 ||| INVOKING Spit Poison.
  1554 | D:2      | 1554 ||| INVOKING Spit Poison.
  1601 | D:2      | 1601 ||| INVOKING Spit Poison.
  1607 | D:2      | 1607 ||| INVOKING Spit Poison.
  1696 | D:2      | Noticed Terence
  1699 | D:2      | 1699 ||| INVOKING Spit Poison.
  1706 | D:2      | 1706 ||| INVOKING Spit Poison.
  1706 | D:2      | Killed Terence
  1750 | D:2      | 1750 ||| UPGRADING to +0 cloak.
  1755 | D:2      | 1755 ||| READING scroll labelled CASIETHRAUSI.
  1756 | D:2      | 1756 ||| READING scroll labelled UDUMPE VEKHLAIJ.
  1757 | D:2      | 1757 ||| READING scroll labelled OFITWU QUCZIHY.
  1761 | D:2      | 1761 ||| DRINKING 2 fuming ruby potions.
  1762 | D:2      | 1762 ||| DRINKING 2 green potions.
  1763 | D:2      | 1763 ||| READING 5 scrolls of identify.
  1763 | D:2      | 1763 ||| IDENTIFYING pink potion
  1764 | D:2      | 1764 ||| READING 4 scrolls of identify.
  1764 | D:2      | 1764 ||| IDENTIFYING fuming emerald potion
  1765 | D:2      | 1765 ||| READING 3 scrolls of identify.
  1765 | D:2      | 1765 ||| IDENTIFYING sedimented sapphire potion
  1766 | D:2      | 1766 ||| DROPPING potion of brilliance.
  1774 | D:2      | Noticed Natasha
  1775 | D:2      | 1775 ||| INVOKING Spit Poison.
  1781 | D:2      | Killed Natasha
  1782 | D:2      | Reached skill level 3 in Fighting
  1844 | D:3      | 1844 ||| INVOKING Spit Poison.
  1936 | D:3      | 1936 ||| INVOKING Spit Poison.
  1949 | D:3      | 1949 ||| INVOKING Spit Poison.
  1956 | D:3      | 1956 ||| INVOKING Spit Poison.
  1961 | D:3      | 1961 ||| INVOKING Spit Poison.
  1964 | D:3      | 1964 ||| INVOKING Spit Poison.
  2030 | D:3      | 2030 ||| INVOKING Spit Poison.
  2089 | D:3      | 2089 ||| INVOKING Spit Poison.
  2092 | D:3      | Reached XP level 6. HP: 56/56 MP: 6/6
  2096 | D:3      | 2096 ||| INVOKING Spit Poison.
  2174 | D:3      | 2174 ||| INVOKING Spit Poison.
  2301 | D:3      | 2301 ||| INVOKING Spit Poison.
  2305 | D:3      | 2305 ||| INVOKING Spit Poison.
  2398 | D:3      | 2398 ||| INVOKING Spit Poison.
  2403 | D:3      | 2403 ||| INVOKING Spit Poison.
  2537 | D:3      | 2537 ||| READING scroll labelled OSEMYECKOU.
  2538 | D:3      | 2538 ||| READING scroll labelled NUAMAA UVEEROACAO.
  2539 | D:3      | 2539 ||| READING 3 scrolls of identify.
  2539 | D:3      | 2539 ||| IDENTIFYING fuming sapphire potion
  2540 | D:3      | 2540 ||| DROPPING potion of attraction.
  2630 | D:4      | 2630 ||| INVOKING Spit Poison.
  2634 | D:4      | 2634 ||| INVOKING Spit Poison.
  2675 | D:4      | HP: 9/45 [wight/+1 falchion (3)]
  2676 | D:4      | HP: 3/45 [wight/+3 halberd (6)]
  2676 | D:4      | Slain by a wight

Levels and vault maps discovered:
D:1:      ldierk_walled_garden, layout_basic
D:2:      minmay_razor_zed, layout_basic, basic_altar, uniq_natasha,
          uniq_terence
D:3:      layout_loops_ring, corexii_shack
D:4:      layout_basic, minmay_temple_entry_stoned_glass, minmay_unequal

Skill      XL: |  1  2  3  4  5 |
---------------+----------------+-----
Ranged Weapons | 4 5 |  5.9
Armour         | 1 |  1.5
Fighting       | 3 |  3.2
Dodging        | |  1.5
Stealth        | |  1.5

Action                     |  1- 3 |  4- 6 || total
---------------------------+-------+-------++-------
   Fire: Shortbow          |    43 |   146 ||   189
Ability: Spit Poison       |    17 |    39 ||    56
    Use: Scroll            |     3 |     9 ||    12
         Potion            |       |     2 ||     2
 Armour: Leather armour    |    13 |    46 ||    59
  Dodge: Dodged            |    10 |    40 ||    50

Table legend:
 A = Non-vault XP
 B = Vault XP
 C = Vault XP percentage of total XP
 D = Non-vault monster count
 E = Vault monster count
 F = Vault count percentage of total count
                 A         B        C        D         E       F
            +---------+---------+-------+---------+---------+-------
      Total |     321 |     101 |  23.9 |      70 |      16 |  18.6
            +---------+---------+-------+---------+---------+-------
        D:1 |      31 |       0 |   0.0 |      18 |       0 |   0.0
        D:2 |     136 |      99 |  42.1 |      26 |      15 |  36.6
        D:3 |     114 |       2 |   1.7 |      25 |       1 |   3.8
        D:4 |      40 |       0 |   0.0 |       1 |       0 |   0.0
            +---------+---------+-------+---------+---------+-------
